AoeStats
← CTGZealot

Arabia

504920849Analyzed
1v1 RM · 25d ago on Sep 7, 2026· 50m 44s· 2 players
Game mode
Random Map
Map size
Tiny (2 player)
Population
200
Speed
Normal
Resources
Standard
Victory
Conquest
Starting age
Dark Age
Ending age
Imperial Age
RankedLock teamsTeams togetherTeam positionsShared explorationLock speedFull tech treeHidden civsTurbo modeCheats
Victory
Defeat
🇦🇷 Burgundians · Argentina
744
+15
🇺🇸 Inca · United States
715
-15
CTGZealot
6:55 Loom
10:19 Feudal Age
11:54 Arson
13:05 Wheelbarrow
12:29 Champi Runner
13:22 Horse Collar
17:15 Double-Bit Axe
20:06 Forging
19:56 Scale Mail Armor
19:55 Fletching
23:01 Scale Mail Armor
23:02 Padded Archer Armor
25:25 Castle Age
25:20 Gold Mining
25:29 Pikeman
26:11 Squires
26:33 Hand Cart
26:49 Heavy Plow
27:03 Bow Saw
26:16 Crossbowman
27:21 Bodkin Arrow
29:41 Iron Casting
29:42 Thumb Ring
32:16 Chain Mail Armor
32:17 Leather Archer Armor
33:36 Andean Sling
34:15 Gold Shaft Mining
35:06 Murder Holes
39:43 Imperial Age
40:16 Halberdier
40:58 Bracer
41:59 Blast Furnace
41:31 Plate Mail Armor
41:32 Ring Archer Armor
42:13 Arbalester
42:18 Champi Runner
47:22 Chemistry
Adr1CKs
5:20 Loom
10:00 Feudal Age
10:46 Double-Bit Axe
18:32 Horse Collar
21:22 Castle Age
19:37 Heavy Plow
20:00 Gold Mining
20:26 Bow Saw
21:11 Scale Barding Armor
21:17 Forging
25:54 Wheelbarrow
25:21 Stone Mining
26:46 Chain Barding Armor
27:18 Husbandry
28:07 Cavalier
31:46 Hand Cart
32:34 Two-Man Saw
33:54 Iron Casting
35:38 Stone Shaft Mining
35:38 Gold Shaft Mining
37:11 Murder Holes
37:37 Ballistics
42:27 Imperial Age
40:51 Treadmill Crane
41:07 Town Watch
43:30 Conscription
42:36 Light Cavalry
43:54 Hussar
46:12 Blast Furnace
45:48 Plate Barding Armor
46:24 Chemistry
46:38 Masonry
48:15 Fletching
49:55 Bodkin Arrow
50:47 Architecture
Connection lost

Rejoining the realm…

Still unreachable

The connection could not be restored.

Session expired

The server has moved on; the page needs a fresh start.